 Seeded DCSS version 0.27-a0-1287-gca74d27 (webtiles) character file.

Game seed: 8841349011012505757 (custom seed)

154 Illumine the Cutter (level 5, -8/39 HPs)
             Began as a Barachi Brigand on June 14, 2021.
             Mangled by a mummy (14 damage)
             ... in an ossuary.
             The game lasted 00:11:06 (3543 turns).

Illumine the Cutter (Barachi Brigand)               Turns: 3543, Time: 00:11:07

Health: -8/39      AC:  3    Str: 14    XL:     5   Next: 36%
Magic:  5/5        EV: 12    Int: 11    God:
Gold:   190        SH:  0    Dex: 13    Spells: 4/4 levels left

rFire    . . .     SeeInvis .   a - +3 dagger
rCold    . . .     Faith    .   (no shield)
rNeg     . . .     Spirit   .   b - +0 robe
rPois    .         Reflect  .   (no helmet)
rElec    .         Harm     .   c - +0 cloak
rCorr    .         Rampage  .   (no gloves)
Will     .....                  (no boots)
Stlth    ++........             (no amulet)
HPRegen  0.13/turn              (no ring)
MPRegen  0.09/turn              (no ring)

@: mighty, slow
A: amphibious, slowness 1, strong legs 1, +LOS
a: Hop


You were in an ossuary.
You visited 1 branch of the dungeon, and saw 4 of its levels.
You also visited: Ossuary.

You collected 212 gold pieces.
You spent 22 gold pieces at shops.

Inventory:

Hand Weapons
 a - a +3 dagger (weapon)
 o - a +0 hunting sling
Missiles
 d - 16 poisoned darts (quivered)
 e - 2 curare-tipped darts
 k - 28 stones
Armour
 b - a +0 robe (worn)
 c - a +0 cloak (worn)
 p - a +0 leather armour
 t - a +3 ring mail of poison resistance
Scrolls
 g - a scroll of fog
 l - 3 scrolls of teleportation
Potions
 f - a potion of flight
 h - a potion of might
 i - a potion of lignification
 m - a potion of magic


   Skills:
 - Level 2.4 Fighting
 * Level 4.6 Short Blades
 + Level 1.2(1.8) Slings
 - Level 2.0(2.2) Throwing
 + Level 1.5 Armour
 - Level 2.1 Dodging
 - Level 4.0 Stealth


You had 4 spell levels left.
You didn't know any spells.
Your spell library contained the following spells:

 Spells                   Type           Power      Damage    Failure   Level
 Animate Skeleton         Necr           0%         N/A       34%         1
 Apportation              Tloc           0%         N/A       34%         1
 Corona                   Hex            0%         N/A       34%         1
 Magic Dart               Conj           0%         1d3       34%         1
 Summon Small Mammal      Summ           0%         N/A       34%         1
 Poisonous Vapours        Pois/Air       0%         N/A       47%         2
 Searing Ray              Conj           0%         3d3       47%         2
 Conjure Flame            Conj/Fire      0%         6-21      71%         3
 Dazzling Flash           Conj/Hex       0%         N/A       71%         3
 Mephitic Cloud           Conj/Pois/Air  0%         N/A       71%         3
 Fulminant Prism          Conj/Hex       0%         3d6       98%         4
 Iskenderun's Mystic Bla  Conj/Tloc      0%         2d3       98%         4
 Freezing Cloud           Conj/Ice/Air   0%         6-21      100%        5


Dungeon Overview and Level Annotations

Branches:
Dungeon (4/15)            Ossuary (1/1)
 Temple: D:4-7

Altars:
Ashenzari
Makhleb
Nemelex Xobeh

Shops:
D:1 ?=?[(

Annotations:
D:2 1 runed translucent door, Crazy Yiuf


Innate Abilities, Weirdness & Mutations

You are amphibious.
You cover ground slowly.
You can hop short distances.
You have an extended range of vision and can be seen from far away.


Message History

Aim: a mummy (73% to hit)
You shoot a stone.
The stone hits the mummy but does no damage.
Unknown command.
Fire: 29 stones
Press: ? - help, Q - select action, (/) - cycle Shift-Dir - straight line, f/p - mummy
Aim: a mummy (73% to hit)
You shoot a stone. The stone hits the mummy.
The mummy is lightly damaged.
Unknown command.
a - a +3 dagger (weapon)
You hit the kobold zombie.
The kobold zombie is heavily damaged.
The kobold zombie closely misses you.
You hit the kobold zombie.
The kobold zombie is heavily damaged.
The mummy closely misses you.
You hit the kobold zombie.
You destroy the kobold zombie!
The orc zombie hits you but does no damage.
The mummy hits you!
You barely miss the mummy.
The mummy is lightly damaged.
You barely miss the mummy.
The mummy is lightly damaged.
The mummy misses you. The orc zombie misses you.
You barely miss the mummy.
The mummy is lightly damaged.
You feel very mighty all of a sudden.
The orc zombie hits you but does no damage.
The mummy hits you!!
* * * LOW HITPOINT WARNING * * *
The mummy closely misses you.
You puncture the mummy!
The mummy is heavily damaged.
The orc zombie closely misses you.
You closely miss the mummy.
The mummy is heavily damaged.
The mummy hits you!
You die...

#.((.#
#(((.#
#(.(.#
#(.(.#
#....#
#..(.#
#....#
#..MM#
#.∩Z@#
######


You could see 2 mummies and an orc zombie.

Vanquished Creatures
  2 mummies (Ossuary)
  A hound skeleton (D:4)
  3 adders
  2 worms
  A dart slug (D:3)
  4 orcs (D:3)
  6 endoplasms
  A giant cockroach (D:3)
  3 gnoll zombies (Ossuary)
  3 hobgoblins
  14 jackals
  2 kobolds
  2 quokkas (D:2)
  5 ball pythons
  3 bats (D:1)
  2 frilled lizards (D:3)
  7 goblins
  4 kobold zombies (Ossuary)
  6 rats
71 creatures vanquished.

Notes
Turn   | Place    | Note
-------+----------+-------------------------------------------
     0 | D:1      | Illumine the Barachi Brigand began the quest for the Orb.
     0 | D:1      | Reached XP level 1. HP: 17/17 MP: 1/1
   154 | D:1      | Found Xoanaana's Magic Scroll Boutique.
   193 | D:1      | Found Emab's Jewellery Emporium.
   265 | D:1      | Reached XP level 2. HP: 21/23 MP: 2/2
   646 | D:1      | Found a faded altar of an unknown god.
   724 | D:1      | Found Poiclaoq's Antique Armour Boutique.
   765 | D:1      | Found Gihameci's Antique Weapon Emporium.
   871 | D:1      | Found Sacutahe's Magic Scroll Shoppe.
   879 | D:1      | Reached XP level 3. HP: 28/28 MP: 3/3
  1251 | D:1      | Bought a scroll of identify for 22 gold pieces
  1808 | D:2      | Reached XP level 4. HP: 34/34 MP: 4/4
  2094 | D:2      | Found a runed translucent door.
  2095 | D:2      | Noticed Crazy Yiuf
  2591 | D:3      | Found a broken altar of Ashenzari.
  2591 | D:3      | Found a burning altar of Makhleb.
  2593 | D:3      | Found a sparkling altar of Nemelex Xobeh.
  3304 | D:4      | Found a sand-covered staircase.
  3324 | D:4      | Reached skill level 1 in Armour
  3324 | D:4      | Reached XP level 5. HP: 27/39 MP: 5/5
  3328 | Ossuary  | Entered an ossuary
  3359 | Ossuary  | Reached skill level 1 in Slings
  3543 | Ossuary  | Mangled by a mummy

Illustrated notes

Levels and vault maps discovered:
D:1:      roderic_chinese_lattice_arrival, layout_loops_ring, serial_shops,
          shop, nicolae_shop_statue_plus, shop, nicolae_shop_statue_plus, shop,
          hellmonk_ecumenical_altar_slurped_away
D:2:      layout_basic, uniq_crazy_yiuf_cottage
D:3:      layout_loops_ring, gammafunk_temple_overflow_forgotten,
          kennysheep_generic_room_5
D:4:      layout_cave_pools, minmay_temple_entry_mist,
          chequers_ossuary_entry_cave
Ossuary:  ossuary_tomb_3

Skill      XL: |  1  2  3  4  5 |
---------------+----------------+-----
Stealth        | 4 |  4.0
Short Blades   | 3 4 |  4.6
Dodging        | 2 |  2.1
Armour         | 1 |  1.5
Slings         | 1 |  1.2
Fighting       | |  2.4
Throwing       | |  2.0

Action                   |  1- 3 |  4- 6 || total
-------------------------+-------+-------++-------
Melee: Dagger            |    90 |   100 ||   190
 Fire: Hunting sling     |       |    65 ||    65
Throw: Dart              |    14 |     1 ||    15
       Stone             |    21 |     7 ||    28
  Use: Scroll            |     3 |     7 ||    10
       Potion            |       |     1 ||     1
 Stab: Sleeping          |     7 |     4 ||    11
       Distracted        |       |     1 ||     1
Armor: Robe              |    22 |    12 ||    34
Dodge: Dodged            |    48 |    59 ||   107

Table legend: (Time is in decaauts)
 A = Elapsed time spent in this place.
 B = Non-inter-level travel time spent in this place.
 C = Inter-level travel time spent in this place.
 D = Time resting spent in this place.
 E = Time spent auto-exploring this place.
 F = Levels seen in this place.
 G = Mean time per level.
                   A        B        C        D        E       F      G
               +--------+--------+--------+--------+--------+-----+--------+
         Total |   3949 |   3819 |    130 |    605 |   2250 |   5 |  789.8 |
       Dungeon |   3730 |   3600 |    130 |    505 |   2250 |   4 |  932.5 |
       Ossuary |    219 |    219 |      0 |     99 |      0 |   1 |  219.0 |
               +--------+--------+--------+--------+--------+-----+--------+

Top non-repeatable levels by time:
     D:1: 1406 daAuts
     D:2: 1317 daAuts
     D:3: 905 daAuts
 Ossuary: 219 daAuts
     D:4: 101 daAuts
